 Dungeon Crawl Stone Soup version 0.30.1-4-g462c640d31 (webtiles) character file.

Game seed: 2652576921231481938

24485 safid the Gelid (level 13, -7/108 HPs)
             Began as a Merfolk Ice Elementalist on Aug 25, 2023.
             Was an Elder of Vehumet.
             Mangled by an anaconda simulacrum (20 damage)
             ... in an ice cave.
             The game lasted 00:27:28 (15059 turns).

safid the Gelid (Merfolk Ice Elementalist)         Turns: 15059, Time: 00:27:29

Health: -7/108     AC: 12    Str:  9    XL:     13   Next: 13%
Magic:  25/25      EV: 15    Int: 18    God:    Vehumet [****..]
Gold:   747        SH:  0    Dex: 15    Spells: 18/28 levels left

rFire   + . .        K - +1 demon trident (drain)
rCold   . . .        (no shield)
rNeg    . . .        i - +2 robe {Archmagi}
rPois   .            s - +2 hat {Will+}
rElec   .            u - +1 cloak
rCorr   .            H - +0 pair of gloves
SInv    +            q - +2 pair of boots
Will    +....        J - amulet of the acrobat
Stlth   ++           n - ring of see invisible
HPRegen 0.38/turn    B - ring of protection from fire
MPRegen 0.19/turn

%: acrobat, archmagi
@: constricted
A: (nimble swimmer 2), mertail
a: Renounce Religion


You were in an ice cave.
You worshipped Vehumet.
Vehumet was greatly pleased with you.
You visited 3 branches of the dungeon, and saw 14 of its levels.
You also visited: Ice Cave.

You collected 747 gold pieces.

Inventory:

Hand Weapons
 K - a +1 demon trident of draining (weapon)
Armour
 i - a +2 robe of the Archmagi (worn)
 q - a +2 pair of boots (worn)
 s - a +2 hat of willpower (worn)
 u - a +1 cloak (worn)
 H - a +0 pair of gloves (worn)
Jewellery
 a - a ring of flight
 n - a ring of see invisible (left hand)
 o - a ring of resist corrosion
 B - a ring of protection from fire (right hand)
 J - an amulet of the acrobat (around neck)
Wands
 e - a wand of mindburst (16)
 p - a wand of flame (27)
 w - a wand of quicksilver (12)
 y - a wand of polymorph (17)
 D - a wand of charming (15)
Scrolls
 h - 4 scrolls of magic mapping
 k - 2 scrolls of blinking
 m - a scroll of fog
 A - 3 scrolls of amnesia
 F - 2 scrolls of fear
 I - 2 scrolls of teleportation {unknown}
Potions
 b - 4 potions of magic
 c - a potion of berserk rage {unknown}
 d - 2 potions of brilliance {unknown}
 f - 2 potions of haste {unknown}
 g - 2 potions of curing
 j - 2 potions of heal wounds {unknown}
 l - a potion of lignification {unknown}
 t - a potion of ambrosia {unknown}
 v - a potion of invisibility {unknown}
 z - a potion of attraction {unknown}
 C - 2 potions of mutation {unknown}
 E - a potion of degeneration {unknown}


   Skills:
 - Level 12.0 Fighting
 + Level 10.0 Polearms
 - Level 12.0 Dodging
 - Level 2.1 Stealth
 - Level 8.0 Spellcasting
 + Level 15.2 Ice Magic


You had 18 spell levels left.
You knew the following spells:

 Your Spells              Type           Power      Damage    Failure   Level
a - Freeze                Ice            100%       1d10      0%          1
b - Frozen Ramparts       Ice            100%       1d16      1%          3
c - Ozocubu's Armour      Ice            75%        N/A       1%          3
d - Hailstorm             Conj/Ice       51%        3d11      1%          3

Your spell library contained the following spells:

 Spells                   Type           Power      Damage    Failure   Level
 Olgreb's Toxic Radiance  Pois           10%        N/A       24%         4
 Shock                    Conj/Air       40%        1d5       2%          1
 Ice Form                 Ice/Tmut       51%        N/A       4%          4
 Summon Ice Beast         Ice/Summ       51%        N/A       4%          4
 Volatile Blastmotes      Fire/Tloc      20%        2d11      8%          3
 Sting                    Tmut/Pois      40%        1d5       10%         1
 Sublimation of Blood     Necr           10%        N/A       14%         2
 Wereblood                Tmut           10%        N/A       14%         2
 Airstrike                Air            5%         2d(1-17)  24%         4
 Fulminant Prism          Conj/Hex       5%         3d7       24%         4
 Iskenderun's Mystic Bla  Conj/Tloc      10%        2d4       24%         4
 Swiftness                Air            10%        N/A       28%         3
 Tukima's Dance           Hex            10%        N/A       28%         3
 Vhi's Electric Charge    Tloc/Air       20%        N/A       28%         3
 Arcjolt                  Conj/Air       5%         1d15      54%         5
 Lee's Rapid Deconstruct  Erth           5%         3d6*      54%         5
 Yara's Violent Unravell  Hex/Tmut       5%         3d4       54%         5
 Simulacrum               Ice/Necr       25%        N/A       54%         6
 Passage of Golubria      Tloc           10%        N/A       67%         4
 Summon Hydra             Summ           5%         N/A       100%        7
 Maxwell's Capacitive Co  Air            5%         ∞         100%        8


Dungeon Overview and Level Annotations

Branches:
Dungeon (10/15)            Temple (1/1) D:6            Lair (3/5) D:9
 Shoals (0/4) Lair:3        Snake (0/4) Lair:3          Orc (0/2) D:10
  IceCv (1/1)

Altars:
Ashenzari
Cheibriados
Dithmenos
Elyvilon
Fedhas
Gozag
Hepliaklqana
Kikubaaqudgha
Makhleb
Nemelex Xobeh
Okawaru
Qazlal
Ru
Sif Muna
Trog
Uskayaw
Vehumet
Wu Jian
Xom
Yredelemnul
Zin
The Shining One

Shops:
D:7 (


Innate Abilities, Weirdness & Mutations

((You are very nimble when in or above water. (Stealth+, EV+, Speed+++)))
Your lower body shifts to a powerful aquatic tail in water.


Message History

You puncture the anaconda simulacrum!
The anaconda simulacrum is heavily damaged.
The anaconda simulacrum closely misses you.
The anaconda simulacrum constricts you.
You hit the anaconda simulacrum.
The anaconda simulacrum is heavily damaged.
The anaconda simulacrum closely misses you.
The anaconda simulacrum constricts you. The anaconda simulacrum bites you!
* * * LOW HITPOINT WARNING * * *
The anaconda simulacrum freezes you!
* * * LOW HITPOINT WARNING * * *
The anaconda simulacrum constricts you.
* * * LOW HITPOINT WARNING * * *
Unknown command.
Unknown command.
Unknown command.
Unknown command.
Okay, then.
Unknown command.
Unknown command.
Okay, then.
As you read the scroll of summoning, it crumbles to dust.
Wisps of shadow whirl around you...
The anaconda simulacrum bites you but does no damage.
The anaconda simulacrum constricts you.
* * * LOW HITPOINT WARNING * * *
Unknown command.
You feel better.
The anaconda simulacrum barely misses you.
The anaconda simulacrum constricts you.
* * * LOW HITPOINT WARNING * * *
The anaconda simulacrum bites you but does no damage.
The anaconda simulacrum constricts you.
Unknown command.
You hit the anaconda simulacrum.
The anaconda simulacrum is severely damaged.
The anaconda simulacrum bites you.
* * * LOW HITPOINT WARNING * * *
The anaconda simulacrum freezes you!!
You die...

###### ##....###
#.......###
##..###...## ######
##..###...###≈≈≈≈##
##..###...###ZZ≈≈##
#...###...#5Z#≈≈≈#
##..#
##.Z.@##≈≈ZZZ8...
## ###...#
##....####4Z....
.###....## ###..#
4..4_Z .......##
...# ..... ....####
...## ..... ...##
..### .... ..## .##
8..Z .## .# ## ##


You could see an anaconda simulacrum (ally target), a dire elephant simulacrum,
a polar bear simulacrum, a friendly naga simulacrum (summoned) and a friendly
ufetubus (summoned).

Vanquished Creatures
  Gastronok (Lair:2)
  An ice dragon (Lair:3)
  A two-headed ogre (D:10)
  5 death yaks (Lair:2)
  Joseph (D:7)
  3 black mambas
  Maggie (D:8)
  4 cane toads
  3 komodo dragons
  A freezing wraith (IceCv)
  3 ice devils (IceCv)
  A polar bear (Lair:3)
  3 wyverns
  23 yaks
  A steam dragon (D:8)
  A basilisk (Lair:2)
  Edmund (D:5)
  3 acid dragons
  6 water moccasins
  An ice beast (D:6)
  5 orc warriors
  2 sky beasts
  3 ogres
  2 black bears
  4 wolves (Lair:2)
  2 centaurs
  3 phantoms
  A kobold brigand (D:8)
  9 bullfrogs
  A gnoll sergeant (D:10)
  A cane toad simulacrum (IceCv)
  A two-headed ogre simulacrum (IceCv)
  4 scorpions
  8 wights (D:8)
  2 elephant simulacra (IceCv)
  4 killer bees (D:5)
  2 vampire bats (D:5)
  A jelly (D:5)
  A hound (D:7)
  6 orc priests
  A gnoll bouda (D:10)
  5 iguanas
  16 orc wizards
  3 polar bear simulacra (IceCv)
  2 troll simulacra (IceCv)
  4 wolf simulacra (IceCv)
  Robin (D:3)
  8 adders
  16 gnolls
  2 shadow imps
  7 white imps
  4 ufetubi
  3 worms
  5 dart slugs
  49 orcs
  A bat (D:1)
  A bat skeleton (D:5)
  5 bat zombies (D:5)
  7 endoplasms
  6 giant cockroaches
  16 goblins
  18 hobgoblins
  5 jackals
  5 quokkas
  10 ball pythons
  3 frilled lizards
  14 kobolds
  6 rats
349 creatures vanquished.

Vanquished Creatures (others)
  A polar bear (Lair:3)
1 creature vanquished.

Grand Total: 350 creatures vanquished

Notes
Turn   | Place    | Note
-------+----------+-------------------------------------------
     0 | D:1      | safid the Merfolk Ice Elementalist began the quest for the
                  | Orb.
     0 | D:1      | Reached XP level 1. HP: 13/13 MP: 3/3
   164 | D:1      | Reached XP level 2. HP: 8/20 MP: 0/5
   168 | D:1      | Reached skill level 1 in Fighting
   474 | D:1      | Found a faded altar of an unknown god.
   480 | D:1      | Reached XP level 3. HP: 18/26 MP: 6/6
   872 | D:2      | Learned a level 3 spell: Frozen Ramparts
   876 | D:2      | Learned a level 3 spell: Ozocubu's Armour
   898 | D:2      | Reached skill level 5 in Ice Magic
   898 | D:2      | Reached XP level 4. HP: 33/33 MP: 3/8
  1884 | D:3      | Reached XP level 5. HP: 39/39 MP: 2/9
  2093 | D:3      | Noticed Robin
  2120 | D:3      | Killed Robin
  2121 | D:3      | Reached XP level 6. HP: 42/47 MP: 2/11
  2302 | D:3      | Found a stormy altar of Qazlal.
  2560 | D:3      | Found a bloodstained altar of Trog.
  2715 | D:4      | Noticed a black bear
  2729 | D:4      | Killed a black bear
  2730 | D:4      | Reached skill level 6 in Ice Magic
  2801 | D:4      | Reached XP level 7. HP: 49/54 MP: 11/13
  3931 | D:5      | Entered Level 5 of the Dungeon
  4014 | D:5      | Reached skill level 5 in Fighting
  4065 | D:5      | Found an iron altar of Okawaru.
  4096 | D:5      | Reached skill level 7 in Ice Magic
  4097 | D:5      | Reached skill level 5 in Spellcasting
  4097 | D:5      | Reached XP level 8. HP: 63/63 MP: 15/15
  4100 | D:5      | Noticed Edmund
  4115 | D:5      | Killed Edmund
  4681 | D:5      | Found an ancient bone altar of Kikubaaqudgha.
  4698 | D:5      | Reached skill level 8 in Ice Magic
  5084 | D:5      | Reached skill level 10 in Ice Magic
  5085 | D:5      | Reached XP level 9. HP: 76/76 MP: 16/21
  5113 | D:5      | Reached skill level 10 in Fighting
  5113 | D:5      | Reached skill level 10 in Dodging
  5113 | D:5      | Reached skill level 11 in Ice Magic
  5113 | D:5      | Reached XP level 10. HP: 86/86 MP: 22/22
  5204 | D:6      | Found a staircase to the Ecumenical Temple.
  5384 | Temple   | Entered the Ecumenical Temple
  5488 | Temple   | Became a worshipper of Vehumet
  5764 | D:6      | Found an ornate altar of the Wu Jian Council.
  5968 | D:6      | Reached XP level 11. HP: 92/92 MP: 17/23
  6059 | D:6      | Reached * piety under Vehumet
  6059 | D:6      | Offered knowledge of Magic Dart by Vehumet.
  6521 | D:7      | Found a sparkling altar of Nemelex Xobeh.
  6705 | D:7      | Reached skill level 12 in Ice Magic
  6874 | D:7      | Found a glowing golden altar of the Shining One.
  6978 | D:7      | Noticed Joseph
  6994 | D:7      | Killed Joseph
  7205 | D:7      | Found a shimmering blue altar of Sif Muna.
  7231 | D:7      | Got Sif Muna's Atlas of Metamorphosis
  7340 | D:7      | Found Fytuwn's Antique Weapon Shoppe.
  8012 | D:8      | Offered knowledge of Sandblast by Vehumet.
  8013 | D:8      | Reached ** piety under Vehumet
  8049 | D:8      | Found a white marble altar of Elyvilon.
  8278 | D:8      | Noticed Maggie
  8486 | D:8      | Killed Maggie
  9232 | D:9      | Found a hide-covered altar of Uskayaw.
  9308 | D:9      | Found a staircase to the Lair.
  9478 | D:9      | Found a snail-covered altar of Cheibriados.
  9504 | D:9      | Offered knowledge of Hailstorm by Vehumet.
  9532 | D:9      | Learned a level 3 spell: Hailstorm
  9586 | D:9      | Found a glowing silver altar of Zin.
  9913 | D:10     | Entered Level 10 of the Dungeon
  9933 | D:10     | Found a broken altar of Ashenzari.
 10076 | D:10     | Found a staircase to the Orcish Mines.
 10128 | D:10     | Found a burning altar of Makhleb.
 10156 | D:10     | Identified the +3 ring mail "Gabagg" {rPois Will+}
 10344 | D:10     | Noticed a two-headed ogre
 10352 | D:10     | Killed a two-headed ogre
 10729 | Lair:1   | Entered Level 1 of the Lair of Beasts
 10771 | Lair:1   | Reached skill level 13 in Ice Magic
 10931 | Lair:1   | Reached skill level 1 in Polearms
 11146 | Lair:1   | Reached *** piety under Vehumet
 11300 | Lair:1   | Reached XP level 12. HP: 79/102 MP: 17/24
 12116 | Lair:2   | Noticed a death yak
 12116 | Lair:2   | Noticed a death yak
 12116 | Lair:2   | Noticed a death yak
 12116 | Lair:2   | Noticed a death yak
 12116 | Lair:2   | Noticed a death yak
 12155 | Lair:2   | Offered knowledge of Flame Wave by Vehumet.
 12266 | Lair:2   | Reached skill level 5 in Polearms
 12376 | Lair:2   | Noticed Gastronok
 12396 | Lair:2   | Killed Gastronok
 12397 | Lair:2   | Reached skill level 14 in Ice Magic
 12759 | Lair:2   | Killed a death yak
 12763 | Lair:2   | Killed a death yak
 12768 | Lair:2   | Killed a death yak
 12769 | Lair:2   | Killed a death yak
 12777 | Lair:2   | Killed a death yak
 13104 | Lair:2   | Reached **** piety under Vehumet
 13613 | Lair:3   | Found a frozen archway.
 13614 | Lair:3   | Noticed an ice dragon
 13625 | Lair:3   | Reached skill level 15 in Ice Magic
 13644 | Lair:3   | Killed an ice dragon
 13645 | Lair:3   | Reached XP level 13. HP: 47/108 MP: 25/25
 13775 | IceCv    | Entered an ice cave
 13798 | IceCv    | Offered knowledge of Olgreb's Toxic Radiance by Vehumet.
 14815 | IceCv    | Reached skill level 10 in Polearms
 15025 | IceCv    | Found an ancient bone altar of Kikubaaqudgha.
 15059 | IceCv    | Mangled by an anaconda simulacrum

Illustrated notes

Levels and vault maps discovered:
D:1:      dpeg_arrival_pits, layout_basic,
          shapermc_ecumenical_altar_mp_highgroup
D:2:      minmay_chambers_of_twos, layout_basic, minmay_misc_feat_more_columns,
          hex_medium
D:3:      layout_loops_ring, trog_hazing_becter,
          nicolae_qazlal_general_emergency, uniq_robin
D:4:      layout_basic, columned_hall_lemuel, st_stairs_13
D:5:      layout_loops_ring, kennysheep_vampire_church,
          okawaru_metal_pillars_1_2, minmay_statues_item, uniq_edmund
D:6:      layout_loops_corners, nzn_wu_jian_contemplation,
          minmay_temple_entry_glass
D:7:      layout_basic, nicolae_tso_carved_into_rock, amcnicky_altar_gilded,
          led_sif_book, serial_shops, shop, serial_demonic, serial_demonic_c,
          serial_demonic_e, serial_demonic_g, serial_demonic_e, uniq_joseph
D:8:      layout_cave_pods, old_standard_altar, uniq_maggie
D:9:      layout_roguey, eat_drink_and_be_merry_uskayaw,
          mainiacjoe_overflow_alcove_2, mainiacjoe_overflow_cross_hatched,
          lair_entry_dummy
D:10:     layout_roguey, kennysheep_mini_moat, cheibrodos_ashenzari_chains,
          orc_0_dummy, serial_curves, eino_curves_03, eino_curves_01
Temple:   nicolae_temple_godpark
Lair:1:   layout_cave_pods
Lair:2:   layout_regular_city, uniq_gastronok
Lair:3:   layout_gridlike, elwin_shoals_entry_rocks, nicolae_snake_entry_squirm,
          portal_ice_cave_entry_animals_and_master, serial_bayou_shore_b
IceCv:    ice_cave_small_necro

Skill      XL: |  1  2  3  4  5  6  7  8  9 10 11 12 13 |
---------------+----------------------------------------+-----
Fighting       | 1 2 3 4 5 9 10 12 | 12.0
Ice Magic      | 5 6 7 10 11 13 15 | 15.2
Spellcasting   | 3 4 5 8 |  8.0
Dodging        | 8 10 12 | 12.0
Polearms       | 2 9 10 | 10.0
Stealth        | |  2.1

Action                     |  1- 3 |  4- 6 |  7- 9 | 10-12 | 13-15 || total
---------------------------+-------+-------+-------+-------+-------++-------
  Melee: Mace              |    50 |       |       |       |       ||    50
         Unarmed           |     3 |       |       |       |       ||     3
         Trident           |    18 |   169 |   123 |   204 |       ||   514
         Punch             |       |       |     1 |    10 |     3 ||    14
         Morningstar       |       |       |       |   112 |       ||   112
         Demon trident     |       |       |       |   161 |   184 ||   345
   Cast: Freeze            |    20 |    10 |     6 |     8 |       ||    44
         Frozen Ramparts   |     1 |     7 |    17 |    63 |       ||    88
         Ozocubu's Armour  |       |     5 |    13 |    55 |     9 ||    82
         Hailstorm         |       |       |       |     1 |       ||     1
  Evoke: Wand              |       |       |       |       |     1 ||     1
    Use: Scroll            |       |       |     7 |    10 |     1 ||    18
         Potion            |       |       |     2 |     2 |     2 ||     6
   Stab: Sleeping          |     2 |    12 |     3 |     4 |       ||    21
         Distracted        |       |       |       |     1 |       ||     1
 Armour: Robe              |    25 |    40 |       |    82 |    77 ||   224
         Animal skin       |       |    15 |    97 |    77 |       ||   189
  Dodge: Dodged            |    65 |   100 |   134 |   490 |   157 ||   946
